 Dungeon Crawl Stone Soup version 0.26.1-11-gd32895ea62 (webtiles) character file.

Game seed: 3354945066316434640

277894 Exodus22XD the Hoplite (level 20, -2/158 HPs)
             Began as a Hill Orc Monk on Apr 30, 2021.
             Was the Champion of Beogh.
             Killed from afar by a hellion (16 damage)
             ... with damnation
             ... in a wizard's laboratory.
             The game lasted 04:54:41 (43326 turns).

Exodus22XD the Hoplite (Hill Orc Monk)             Turns: 43326, Time: 04:54:41

Health: -2/158     AC: 38    Str: 23    XL:     20   Next: 41%
Magic:  25/32      EV:  9    Int:  6    God:    Beogh [******]
Gold:   1193       SH: 30    Dex: 29    Spells: 19/19 levels left

rFire    + . .     SeeInvis +   S - +9 broad axe (vorpal)
rCold    . . .     Faith    .   C - +0 tower shield
rNeg     + + +     Spirit   .   x - +10 plate armour "Etuquw Rabra" {rElec Will+ Int-2 Dex+3}
rPois    .         Reflect  +   c - +1 helmet
rElec    +         Harm     .   Z - +1 cloak
rCorr    .         Rampage  .   r - +0 pair of gloves
Will     ++...                  d - -1 pair of boots of Salvation {*Slow rN+ Dex+5 SInv} (curse)
Stlth    ..........             H - amulet "Natsawk" {Reflect rN+ SH+5}
HPRegen  0.76/turn              z - ring "Xiheam" {rElec Str+2 Dex+7 SInv Stlth-}
MPRegen  0.23/turn              t - ring "Mutto" {rN+ Dex+3}

@: mighty
A: walk on water, thin metallic scales 1, clumsy 1, dopey 1, fire resistance 1,
frail 1, regeneration 1, weak 1
}: 2/15 runes: serpentine, barnacled
a: Renounce Religion, Smiting, Recall Orcish Followers, Give Item to Named
Follower, Resurrection


You were in a wizard's laboratory.
You worshipped Beogh.
Beogh was exalted by your worship.
You visited 6 branches of the dungeon, and saw 33 of its levels.
You also visited: Sewer, Gauntlet and Wizlab.

You collected 3488 gold pieces.
You spent 2295 gold pieces at shops.

Inventory:

Hand Weapons
 S - a +9 vorpal broad axe (weapon)
Armour
 c - a +1 helmet (worn)
 d - the cursed -1 pair of boots of Salvation (worn) {*Slow rN+ Dex+5 SInv}
   (You found it on level 1 of the Vaults)

   It affects your dexterity (+5).
   It protects you from negative energy.
   It lets you see invisible.
   It may slow you when you take damage.
   It has a curse placed upon it.
 r - a +0 pair of gloves (worn)
 x - the +10 plate armour "Etuquw Rabra" (worn) {rElec Will+ Int-2 Dex+3}
   (You found it on level 1 of the Lair of Beasts)

   It affects your intelligence (-2).
   It affects your dexterity (+3).
   It insulates you from electricity.
   It affects your willpower, your defense against some magical effects.
 A - the +0 scale mail of Trial and Error {rPois rC+ Regen+ Slay+2}
   (You found it on level 5 of the Lair of Beasts)

   It affects your accuracy and damage with ranged weapons and melee attacks
   (+2).
   It protects you from cold.
   It protects you from poison.
   It increases your rate of regeneration.
 C - a +0 tower shield (worn)
 R - a +2 pair of boots of running
 Z - a +1 cloak (worn)
Jewellery
 h - an uncursed ring of poison resistance
 t - the ring "Mutto" (right hand) {rN+ Dex+3}
   (You found it in a Gauntlet)

   [ring of positive energy]

   It affects your dexterity (+3).
   It protects you from negative energy.
 z - the ring "Xiheam" (left hand) {rElec Str+2 Dex+7 SInv Stlth-}
   (You found it on level 4 of the Shoals)

   [ring of see invisible]

   It affects your strength (+2).
   It affects your dexterity (+7).
   It insulates you from electricity.
   It lets you see invisible.
   It makes you less stealthy.
 D - an uncursed ring of willpower
 H - the amulet "Natsawk" (around neck) {Reflect rN+ SH+5}
   (You found it on level 8 of the Dungeon)

   [amulet of reflection]

   It shields you and reflects attacks.
   It protects you from negative energy.
   It affects your SH (+5).
 T - the ring of Jodugue {+Blink rCorr Int+4 Dex+5 Stlth-}
   (You found it in a Gauntlet)

   [ring of resist corrosion]

   It affects your intelligence (+4).
   It affects your dexterity (+5).
   It lets you blink.
   It provides partial protection from all sources of acid and corrosion.
   It makes you less stealthy.
Wands
 a - a wand of acid (14)
 b - a wand of disintegration (26)
 o - a wand of paralysis (29)
 y - a wand of digging (7)
 Q - a wand of flame (48)
 Y - a wand of iceblast (31)
Scrolls
 e - 5 scrolls of magic mapping
 g - 3 scrolls of torment
 l - 3 scrolls of blinking
 m - a scroll of identify
 p - 2 scrolls of fear
 s - 13 scrolls of teleportation
 u - 4 scrolls of summoning
 v - 8 scrolls of remove curse
 w - a scroll of holy word
 B - a scroll of fog
 I - 3 scrolls of vulnerability
 K - 4 scrolls of enchant armour
Potions
 f - 5 potions of might
 i - 4 potions of magic
 j - 8 potions of heal wounds
 k - 8 potions of lignification
 n - 2 potions of invisibility
 q - a potion of mutation
 F - 4 potions of flight
 J - 4 potions of haste
 L - 2 potions of cancellation
 O - a potion of resistance
 P - a potion of berserk rage
 V - 2 potions of ambrosia
 X - 8 potions of curing
Miscellaneous
 N - a phantom mirror
 U - a phantom mirror


   Skills:
 + Level 14.6 Fighting
 + Level 20.7(20.8) Axes
 - Level 1.9(12.3) Maces & Flails
 * Level 18.3 Armour
 - Level 2.4 Dodging
 - Level 1.5 Stealth
 * Level 22.3 Shields
 * Level 16.2 Invocations
 + Level 1.1 Evocations


You had 19 spell levels left.
You didn't know any spells.
Your spell library was empty.

Dungeon Overview and Level Annotations

Branches:
Dungeon (15/15)            Temple (0/1) D:6            Lair (6/6) D:10
 Shoals (4/4) Lair:4        Snake (4/4) Lair:3        Slime (0/5) Lair:5
    Orc (2/2) D:12            Elf (0/3) Orc:2        Vaults (2/5) D:14
 Depths (0/5) D:15          Sewer (visited)          WizLab (1/1)
Gauntlet (visited)
  Crypt: Vaults:2-3

Altars:
Ashenzari
Fedhas
Gozag
Okawaru
Ru
Sif Muna
Uskayaw
Wu Jian
Yredelemnul
The Shining One
Beogh
Jiyva

Shops:
D:6 (   D:12 **   D:14 (   Orc:2 *=?**   Shoals:2 *   Snake:2 *:([   Snake:3 *
Vaults:1 *

Portals:
Trove: D:11 (show slimy rune of Zot)

Annotations:
D:12 3 runed translucent doors, dreux's ghost, novice HuAE


Innate Abilities, Weirdness & Mutations

You can walk on water.
You are partially covered in thin metallic scales. (AC +2)
You are clumsy. (Dex -2)
You are dopey. (Int -2)
Your flesh is heat resistant. (rF+)
You are frail. (-10% HP)
Your natural rate of healing is unusually fast.
You are weak. (Str -2)


Message History

You slash the blizzard demon!
The blizzard demon is severely wounded.
The blizzard demon gestures at you.
The freezing blast engulfs you but does no damage.
A hellion comes into view.
You slash the blizzard demon!
The blizzard demon is almost dead.
You are engulfed in freezing vapours.
The blizzard demon is engulfed in freezing vapours.
The blizzard demon hits you! You block the blizzard demon's attack.
You slice the blizzard demon!!
You kill the blizzard demon!
Beogh accepts your kill.
You are engulfed in freezing vapours.
* * * LOW HITPOINT WARNING * * *
You are engulfed in freezing vapours.
* * * LOW HITPOINT WARNING * * *
The hellion gestures at you.
The sphere of damnation explodes!
The damnation engulfs you!
You die...

########### ### #8...∩°°°8#
###.### #....°○°°)#
##.....##
#..##.##@○###.......## .
#.##...##°##.........#
2..##....#....##.........##
.......#...#.2............#
..2......∩.6..............#
...##..#...#..##.........##
#....#.3..##.........#
#.##...##.###.......## #.
##.##..# ##.....##


You could see a hellion.

Vanquished Creatures
  Jorgrun (Snake:1)
  Rupert (Lair:6)
  5 nagarajas
  An orc warlord (Orc:1)
  A balrug (WizLab)
  3 vault wardens
  A stone giant (Vaults:2)
  3 ironheart preservers (Vaults:2)
  A black sun (WizLab)
  A minotaur (Gauntlet)
  2 lorocyprocas (WizLab)
  3 dire elephants (Lair:6)
  3 blizzard demons (WizLab)
  A green death (Snake:1)
  6 yaktaur captains (Vaults:1)
  Harold (D:10)
  3 merfolk impalers
  Josephine (Lair:6)
  2 ogre magi
  2 rakshasas
  6 hydras
  A boulder beetle (D:13)
  4 naga warriors
  A catoblepas (D:12)
  Erica (D:8)
  7 anacondas
  3 merfolk avatars
  7 centaur warriors
  6 two-headed ogres
  A death knight (D:12)
  An alligator snapping turtle (Shoals:3)
  2 death yaks (Lair:4)
  A satyr (Shoals:4)
  3 merfolk aquamancers
  5 shock serpents
  11 naga sharpshooters
  A soul eater (WizLab)
  The ghost of Xye the Destroyer, a novice DECj of Vehumet (D:9)
  2 fire crabs
  3 skeletal warriors
  8 sea snakes
  2 sixfirhies (WizLab)
  A salamander mystic (Snake:3)
  An unseen horror (D:12)
  A wizard (D:9)
  3 ironbrand convokers
  A shadow demon (WizLab)
  A deep elf archer (Vaults:2)
  7 naga ritualists
  A necromancer (Vaults:2)
  7 harpies
  5 orc sorcerers
  3 deep elf magi
  2 orc knights
  6 mana vipers
  11 cyclopes
  3 salamanders
  7 manticores
  10 ugly things
  2 moths of wrath
  A wolf spider (D:14)
  4 fauns (Shoals:4)
  13 black mambas
  4 merfolk sirens
  11 elephants
  3 guardian serpents (Snake:4)
  An apocalypse crab (Gauntlet)
  3 orange demons (WizLab)
  A torpor snail (Lair:4)
  Joseph (D:8)
  5 vault sentinels
  2 water nymphs
  2 centaur zombies (D:15)
  11 naga magi
  3 gargoyles
  A cane toad (shapeshifter) (Vaults:1)
  A hellion (WizLab)
  8 cane toads
  14 komodo dragons
  4 rime drakes
  An ice devil (WizLab)
  35 yaktaurs
  2 freezing wraiths
  3 hellwings (WizLab)
  3 meliai
  7 trolls
  11 merfolk
  2 polar bears
  2 hornets
  6 wind drakes
  9 blink frogs
  4 snapping turtles
  10 slime creatures
  The ghost of dreux the Gusty, an amateur HuAE (D:4)
  4 dream sheep
  A raiju (shapeshifter) (D:15)
  Sigmund (D:5)
  A spriggan (D:14)
  4 water elementals
  A redback (shapeshifter) (Vaults:1)
  4 wraiths
  5 wyverns
  35 yaks
  4 basilisks
  2 fire elementals (Orc:2)
  2 neqoxecs (WizLab)
  2 chaos spawn (WizLab)
  A steam dragon (Lair:4)
  7 vampire mosquitoes
  A warg (Orc:1)
  2 acid dragons
  20 nagas
  A soldier ant (D:9)
  11 water moccasins
  2 hell hounds (Orc:1)
  An ogre skeleton (Vaults:1)
  Purgy (Sewer)
  3 black bears
  An eye of draining (D:15)
  3 ice beasts
  8 orc warriors
  6 sky beasts
  26 wolves
  13 ogres
  A phantom (D:5)
  A necrophage (D:11)
  3 boggarts (Vaults:2)
  15 centaurs
  6 big kobolds
  13 bullfrogs
  An ogre simulacrum (Vaults:1)
  A glowing shapeshifter simulacrum (Vaults:2)
  3 human zombies
  2 wyvern skeletons
  7 scorpions
  10 killer bees
  An elf simulacrum (Vaults:1)
  3 wights (D:9)
  5 electric eels
  3 howler monkeys
  3 bullfrog zombies
  2 quasits
  A gnoll shaman (D:4)
  4 orc priests
  10 hounds
  9 orc wizards
  Crazy Yiuf (D:5)
  5 bullfrog skeletons
  4 centaur skeletons
  6 iguanas
  3 worker ants
  A hound skeleton (D:7)
  A worker ant zombie (D:13)
  A howler monkey zombie (D:8)
  12 gnolls
  22 adders
  2 shadow imps
  4 white imps
  An ufetubus (D:5)
  2 oozes (D:1)
  2 adder skeletons
  An adder zombie (D:8)
  2 worms (D:2)
  4 dart slugs
  8 leopard geckos
  19 orcs
  3 ball pythons
  12 bats
  8 giant cockroaches
  4 goblins
  11 hobgoblins
  8 jackals
  8 quokkas
  8 frilled lizards
  30 kobolds
  A leopard gecko skeleton (D:4)
  A leopard gecko zombie (D:5)
  A quokka skeleton (D:5)
  8 rats
861 creatures vanquished.

Vanquished Creatures (collateral kills)
  Mara (Shoals:4)
  Vashnia (Snake:2)
  Nikola (Snake:4)
  Polyphemus (Shoals:4)
  Roxanne (Snake:2)
  12 nagarajas
  A tengu reaver (Vaults:2)
  Ilsuiw (Shoals:2)
  A frost giant (Shoals:4)
  A vault warden (Vaults:2)
  Aizul (Snake:1)
  2 stone giants (Vaults:2)
  An ironheart preserver (Vaults:1)
  The ghost of philipeq the Cleaver, a journeyman DsMo of Makhleb (Lair:6)
  3 dire elephants (Lair:6)
  Azrael (Orc:1)
  A green death (Snake:1)
  2 fire dragons
  9 merfolk impalers
  2 yaktaur captains
  A rakshasa (Vaults:2)
  5 boulder beetles
  2 ice dragons
  5 hydras
  A centaur warrior (Vaults:1)
  5 vault guards (Vaults:2)
  11 naga warriors
  A catoblepas (Shoals:3)
  A satyr (Shoals:4)
  A death knight (Vaults:2)
  5 alligator snapping turtles
  4 merfolk aquamancers
  16 anacondas
  2 merfolk avatars
  5 two-headed ogres
  4 death yaks
  16 naga sharpshooters
  An orc high priest (Orc:2)
  9 shock serpents
  Sonja (Lair:3)
  A deep elf knight (Vaults:1)
  5 sea snakes
  2 skeletal warriors (Vaults:1)
  3 unseen horrors
  2 naga ritualists (Snake:4)
  An ironbrand convoker (Vaults:2)
  3 orc knights
  8 harpies
  An orc sorcerer (Orc:2)
  A necromancer (Vaults:1)
  8 salamanders
  2 cyclopes
  10 mana vipers
  2 deep elf magi
  A wolf spider (Vaults:2)
  A faun (Shoals:1)
  9 ugly things
  6 manticores
  A centaur zombie (D:15)
  27 black mambas
  6 merfolk sirens
  4 water nymphs
  8 guardian serpents
  6 elephants
  19 naga magi
  2 vault sentinels
  A human skeleton (Vaults:1)
  A cane toad (Lair:5)
  2 centaur skeletons (D:14)
  8 komodo dragons
  6 yaktaurs
  2 freezing wraiths
  2 rime drakes
  A troll (D:13)
  6 wind drakes
  A meliai (D:15)
  21 merfolk
  4 polar bears (Lair:6)
  A meliai zombie (D:12)
  8 dream sheep
  5 blink frogs
  15 slime creatures
  3 snapping turtles
  9 water elementals
  An ettin skeleton (Vaults:2)
  A wyvern (Lair:3)
  3 fire elementals (Orc:1)
  A basilisk (Lair:3)
  24 yaks
  A steam dragon (Lair:3)
  6 wraiths
  2 vampire mosquitoes (D:15)
  A swamp worm (shapeshifter) (Vaults:1)
  26 nagas
  A hell hound (Orc:1)
  7 water moccasins
  4 orc warriors
  2 ice beasts (D:12)
  A necrophage (D:10)
  6 ogres
  A phantom (D:10)
  10 wolves
  A boggart (D:14)
  10 centaurs
  3 big kobolds
  A water moccasin zombie (D:10)
  3 bullfrogs
  A wyvern zombie (D:14)
  A scorpion (D:11)
  2 killer bees (D:10)
  4 hounds
  3 orc priests
  10 orc wizards
  2 iguanas (D:12)
  2 worker ants
  A hound skeleton (D:11)
  A leopard gecko (D:11)
  10 orcs
  A quokka (D:11)
  5 kobolds
  A bush (Lair:2)
535 creatures vanquished.

Vanquished Creatures (others)
  An orc warlord (Shoals:2)
  An orc knight (Shoals:1)
  An orc high priest (Shoals:2)
  4 orc sorcerers
  A naga mage (Snake:3)
  12 orc warriors
  A sky beast (D:14)
  18 orc wizards
  11 orc priests
  44 orcs
  A kobold (D:14)
  95 fungi
  284 plants
474 creatures vanquished.

Grand Total: 1870 creatures vanquished

Notes
Turn   | Place    | Note
-------+----------+-------------------------------------------
     0 | D:1      | Exodus22XD the Hill Orc Monk began the quest for the Orb.
     0 | D:1      | Reached XP level 1. HP: 19/19 MP: 1/1
   342 | D:1      | Reached XP level 2. HP: 27/27 MP: 2/2
   592 | D:1      | Reached skill level 1 in Armour
   789 | D:1      | Reached XP level 3. HP: 29/33 MP: 3/3
  1409 | D:2      | Reached skill level 5 in Axes
  1890 | D:1      | Reached XP level 4. HP: 38/40 MP: 4/4
  1984 | D:2      | Found a basalt altar of Yredelemnul.
  3209 | D:3      | Reached XP level 5. HP: 46/47 MP: 5/5
  3535 | D:3      | Found a glowing drain.
  3561 | Sewer    | Entered a sewer
  3698 | Sewer    | Noticed Purgy
  3712 | Sewer    | Gained mutation: You are partially covered in thin metallic
                  | scales. (AC +2) [potion of mutation]
  3712 | Sewer    | Gained mutation: Your flesh is heat resistant. (rF+)
                  | [potion of mutation]
  3712 | Sewer    | Gained mutation: You are clumsy. (Dex -2) [potion of
                  | mutation]
  3712 | Sewer    | Gained mutation: Your natural rate of healing is unusually
                  | fast. [potion of mutation]
  3760 | Sewer    | Killed Purgy
  3761 | Sewer    | Reached XP level 6. HP: 8/55 MP: 6/6
  4444 | D:4      | Reached skill level 5 in Fighting
  4835 | D:4      | Reached XP level 7. HP: 42/61 MP: 7/7
  5368 | D:4      | Reached skill level 5 in Armour
  5485 | D:4      | Reached XP level 8. HP: 50/70 MP: 8/8
  5557 | D:4      | Found the +7 Singing Sword {vorpal, sonic wave}
  5585 | D:4      | Found a transporter.
  5591 | D:4      | Found a transporter.
  5599 | D:4      | Identified the +7 spear of Desperation {pain, Int+5}
  5601 | D:4      | Noticed dreux's ghost (amateur HuAE)
  5825 | D:5      | Entered Level 5 of the Dungeon
  5910 | D:5      | Noticed Sigmund
  5930 | D:5      | Killed Sigmund
  6050 | D:5      | Reached skill level 10 in Axes
  6505 | D:5      | Found a runed translucent door.
  6506 | D:5      | Noticed Crazy Yiuf
  6518 | D:5      | Killed Crazy Yiuf
  6807 | D:6      | Got a bloodstained whip
  6808 | D:6      | Identified the +3 whip "Duhomu Fis" {antimagic, Str+6 Int+2
                  | Dex-4 Stlth+} (You found it on level 6 of the Dungeon)
  7049 | D:6      | Found a staircase to the Ecumenical Temple.
  7086 | D:6      | Reached XP level 9. HP: 78/78 MP: 9/9
  7093 | D:6      | Found Metuo's Weapon Boutique.
  7583 | D:4      | Killed dreux's ghost
  7913 | D:7      | Noticed Harold
  8135 | D:7      | Reached skill level 1 in Shields
  8434 | D:8      | Noticed Erica
  8503 | D:8      | Reached skill level 2 in Shields
  8581 | D:8      | Reached skill level 3 in Shields
  8667 | D:8      | Found a roughly hewn altar of Beogh.
  8668 | D:8      | Became a worshipper of Beogh the Brigand
  8668 | D:8      | Reached * piety under Beogh
  8668 | D:8      | Reached ** piety under Beogh
  8768 | D:7      | Reached skill level 4 in Shields
  8852 | D:8      | Killed Erica
  8853 | D:8      | Reached skill level 1 in Maces & Flails
  8853 | D:8      | Reached skill level 5 in Shields
  8853 | D:8      | Reached XP level 10. HP: 77/86 MP: 2/11
  8980 | D:8      | Noticed a two-headed ogre
  9011 | D:7      | Killed a two-headed ogre
  9012 | D:7      | Reached skill level 10 in Armour
  9012 | D:7      | Reached skill level 6 in Shields
  9221 | D:8      | Got a fine brass amulet
  9235 | D:8      | Identified the amulet "Natsawk" {Reflect rN+ SH+5} (You
                  | found it on level 8 of the Dungeon)
  9399 | D:8      | Noticed Joseph
  9412 | D:8      | Killed Joseph
  9413 | D:8      | Reached skill level 7 in Shields
  9823 | D:9      | Reached *** piety under Beogh
  9929 | D:9      | Noticed a brown ugly thing
  9934 | D:9      | Found a transporter.
  9941 | D:9      | Found a transporter.
  9943 | D:9      | Noticed Xye's ghost (novice DECj)
  9953 | D:9      | Reached skill level 8 in Shields
  9971 | D:9      | Got a dazzling flail
 10007 | D:9      | Reached XP level 11. HP: 94/94 MP: 14/14
 10128 | D:9      | Noticed a wizard
 10136 | D:9      | Killed a wizard
 10137 | D:9      | Reached skill level 5 in Invocations
 10181 | D:9      | Noticed a two-headed ogre
 10193 | D:9      | Noticed a manticore
 10200 | D:9      | Noticed a manticore
 10209 | D:9      | Noticed a cyclops
 10220 | D:9      | Noticed a moth of wrath
 10226 | D:9      | Killed a moth of wrath
 10228 | D:9      | Reached skill level 9 in Shields
 10241 | D:9      | Killed Xye's ghost
 10256 | D:9      | Got a vibrating pewter ring
 10258 | D:9      | Identified the ring "Yfrischibb" {rElec Str+6 Int-5 Dex+3
                  | Stlth+} (You found it on level 9 of the Dungeon)
 10691 | D:10     | Entered Level 10 of the Dungeon
 10701 | D:10     | Reached **** piety under Beogh
 10808 | D:10     | Found a staircase to the Lair.
 11068 | D:10     | Killed Harold
 11939 | D:11     | Reached skill level 10 in Shields
 11985 | D:11     | Found a portal to a secret trove of treasure.
 12071 | D:11     | Reached XP level 12. HP: 73/103 MP: 15/17
 12084 | D:11     | Noticed a two-headed ogre
 12093 | D:11     | Killed a two-headed ogre
 12098 | D:11     | Reached ***** piety under Beogh
 12118 | D:11     | Gained Learuk as an ally
 12474 | D:12     | Noticed a centaur warrior
 12475 | D:12     | Noticed a two-headed ogre
 12502 | D:12     | Your ally Learuk died
 12503 | D:12     | Found a staircase to the Orcish Mines.
 12510 | D:12     | Killed a boulder beetle
 12712 | D:12     | Reached skill level 11 in Shields
 12752 | D:12     | Found a runed translucent gate.
 12760 | D:12     | Found a runed translucent gate.
 12760 | D:12     | Found an opulent altar of Gozag.
 12760 | D:12     | Found a runed translucent gate.
 12760 | D:12     | Found Juqesylu's Assorted Antiques.
 12760 | D:12     | Noticed a tengu warrior
 12760 | D:12     | Noticed a sphinx
 12761 | D:12     | Noticed a hell knight
 12761 | D:12     | Noticed dreux's ghost (novice HuAE)
 12763 | D:12     | Found Ter Vael's Assorted Antiques.
 12872 | D:12     | Noticed a two-headed ogre
 12872 | D:12     | Noticed a death knight
 12889 | D:12     | Killed a death knight
 12893 | D:12     | Killed a two-headed ogre
 12901 | D:12     | Killed a centaur warrior
 12901 | D:12     | Noticed a catoblepas
 12914 | D:12     | Killed a catoblepas
 12925 | D:12     | Noticed a centaur warrior
 12929 | D:12     | Killed a centaur warrior
 12943 | D:12     | Found a sacrificial altar of Ru.
 12986 | D:12     | Gained Gorg as an ally
 13053 | D:12     | Noticed a boulder beetle
 13060 | D:12     | Killed a boulder beetle
 13061 | D:12     | Reached skill level 12 in Shields
 13064 | D:12     | Noticed a centaur warrior
 13075 | D:12     | Killed a centaur warrior
 13103 | D:12     | Found a shimmering blue altar of Sif Muna.
 13127 | D:12     | Got a diamond-encrusted chain mail
 13145 | D:12     | Identified the cursed +1 chain mail "Efaaf" {*Slow rElec
                  | Str+4 Dex+4} (You found it on level 12 of the Dungeon)
 13148 | D:12     | Identified the +5 flail "Agoad" {vorpal, *Contam +Blink
                  | rC++} (You found it on level 9 of the Dungeon)
 13149 | D:12     | Gained mutation: You are weak. (Str -2) [mutagenic glow]
 13190 | D:12     | Reached XP level 13. HP: 111/111 MP: 19/19
 13246 | D:12     | Found an iron altar of Okawaru.
 13799 | D:12     | Reached skill level 15 in Axes
 13817 | D:12     | Gained Worak as an ally
 14339 | D:13     | Reached skill level 10 in Fighting
 14363 | D:13     | Reached ****** piety under Beogh
 14403 | D:13     | Reached skill level 13 in Shields
 14789 | D:13     | Found a blossoming altar of Fedhas.
 15487 | Orc:1    | Entered Level 1 of the Orcish Mines
 15559 | Orc:2    | Entered Level 2 of the Orcish Mines
 15559 | Orc:2    | Found a staircase to the Elven Halls.
 15559 | Orc:2    | Noticed Azrael
 15616 | Orc:2    | Gained Koronagh as an ally
 15645 | Orc:2    | Found Reuc's General Store.
 15754 | Orc:1    | Your ally Koronagh died
 15756 | Orc:1    | Killed Azrael
 16097 | Orc:2    | Found Pujutag's Jewellery Boutique.
 16097 | Orc:2    | Found Xukhes's Assorted Antiques.
 16098 | Orc:2    | Found Dazij's Magic Scroll Shop.
 16101 | Orc:2    | Found Dazeehaf's General Store.
 16179 | Orc:2    | Found an iron altar of Okawaru.
 16438 | Orc:1    | Reached skill level 10 in Invocations
 16466 | Orc:1    | Noticed an orc warlord
 16491 | Orc:1    | Killed an orc warlord
 16492 | Orc:1    | Reached XP level 14. HP: 43/122 MP: 21/21
 16646 | Orc:2    | Bought a scroll of identify for 26 gold pieces
 16646 | Orc:2    | Bought a scroll of torment for 97 gold pieces
 16697 | Orc:2    | Bought a scroll of identify for 32 gold pieces
 16699 | Orc:2    | Bought a scroll of identify for 28 gold pieces
 16699 | Orc:2    | Bought a scroll of identify for 28 gold pieces
 16699 | Orc:2    | Bought a scroll of identify for 28 gold pieces
 16702 | Orc:2    | Identified a scroll of acquirement
 16718 | Orc:2    | Acquired a +1 crystal plate armour
 16728 | Orc:2    | Bought a potion of might for 64 gold pieces
 16852 | Orc:2    | Bought a +4 halberd of freezing for 467 gold pieces
 16854 | Orc:2    | Bought a scroll of identify for 72 gold pieces
 17314 | Lair:1   | Entered Level 1 of the Lair of Beasts
 17438 | Lair:1   | Got a brightly glowing plate armour
 17456 | Lair:1   | Identified the +10 plate armour "Etuquw Rabra" {rElec Will+
                  | Int-2 Dex+3} (You found it on level 1 of the Lair of
                  | Beasts)
 17536 | Lair:1   | Got a glimmering trident
 18831 | Lair:2   | Gained Bogwik as an ally
 18857 | Lair:2   | Reached skill level 14 in Shields
 19070 | Lair:2   | Gained Koronagh as an ally
 19572 | Lair:2   | Gained Bladwarg as an ally
 19667 | Lair:2   | Identified the +6 trident "Xegg" {vorpal, +Fly rN++ Int+3
                  | SInv} (You found it on level 1 of the Lair of Beasts)
 19913 | Lair:3   | Found a gate leading to a gauntlet.
 19933 | Lair:3   | Found a staircase to the Snake Pit.
 19958 | Lair:3   | Gained Hilgar as an ally
 20085 | Gauntlet | Entered a Gauntlet
 20085 | Gauntlet | Found a transporter.
 20085 | Gauntlet | Found a transporter.
 20101 | Gauntlet | Found a transporter.
 20105 | Gauntlet | Found a transporter.
 20113 | Gauntlet | Found a transporter.
 20117 | Gauntlet | Found a transporter.
 20125 | Gauntlet | Found a transporter.
 20145 | Gauntlet | Found a transporter.
 20165 | Gauntlet | Found a transporter.
 20174 | Gauntlet | Found a transporter.
 20178 | Gauntlet | Found a transporter.
 20392 | Gauntlet | Identified a +2 pair of boots of running (You found it in a
                  | Gauntlet)
 20402 | Gauntlet | Found a transporter.
 20419 | Gauntlet | Got a glittering golden ring
 20449 | Gauntlet | Got a faintly glowing iron ring
 20454 | Gauntlet | Identified the ring "Qaer Rips" {rCorr Str+2} (You found it
                  | in a Gauntlet)
 20456 | Gauntlet | Identified the ring of Jodugue {+Blink rCorr Int+4 Dex+5
                  | Stlth-} (You found it in a Gauntlet)
 20491 | Gauntlet | Identified the +6 scimitar of the Saviour {venom, rC+ Will-
                  | SInv}
 20520 | Gauntlet | Got a shimmering granite ring
 20537 | Gauntlet | Got a transparent chain mail
 20614 | Lair:3   | Noticed Nergalle
 20887 | Lair:3   | Reached skill level 15 in Armour
 21123 | Lair:3   | Noticed Sonja
 21134 | Lair:3   | Killed Sonja
 21781 | D:6      | Bought the +9 glaive of the Depths {venom, rElec MP+9
                  | Str+2} for 1078 gold pieces
 22376 | Lair:4   | Gained Bogdan as an ally
 22777 | Lair:4   | Gained Morun as an ally
 22981 | Lair:4   | Gained Borgoth as an ally
 22982 | Lair:4   | Reached skill level 15 in Shields
 23097 | Lair:4   | Identified the Reference Book on the Oath
 23112 | Lair:4   | Reached XP level 15. HP: 128/128 MP: 23/23
 23118 | Lair:4   | Gained Herok as an ally
 24143 | Lair:4   | Found a staircase to the Shoals.
 24440 | Lair:5   | Got a steaming scale mail
 24806 | Lair:5   | Found a staircase to the Slime Pits.
 24806 | Lair:5   | Found a viscous altar of Jiyva.
 25111 | Lair:6   | Entered Level 6 of the Lair of Beasts
 25230 | Lair:6   | Found a hide-covered altar of Uskayaw.
 25232 | Lair:6   | Found an ornate altar of the Wu Jian Council.
 25322 | Lair:6   | Found a large runed translucent door.
 25327 | Lair:6   | Found a large runed translucent door.
 25332 | Lair:6   | Noticed philipeq's ghost (journeyman DsMo)
 25369 | Lair:6   | Killed philipeq's ghost
 25507 | Lair:6   | Noticed Urug
 25600 | Lair:6   | Noticed Rupert
 25612 | Lair:6   | Killed Rupert
 25612 | Lair:6   | Gained Bogbrand as an ally
 25640 | Lair:6   | Identified the +2 chain mail of Isobb {Rampage +Fly rN++
                  | Regen+} (You found it in a Gauntlet)
 25650 | Lair:6   | Identified the +0 scale mail of Trial and Error {rPois rC+
                  | Regen+ Slay+2} (You found it on level 5 of the Lair of
                  | Beasts)
 25804 | Lair:6   | Reached skill level 16 in Shields
 25836 | Lair:6   | Identified the ring "Mutto" {rN+ Dex+3} (You found it in a
                  | Gauntlet)
 26761 | Lair:6   | Noticed Josephine
 26771 | Lair:6   | Killed Josephine
 27257 | D:14     | Gained Bogmar as an ally
 27586 | D:14     | Gained Ogrik as an ally
 27751 | D:14     | Reached XP level 16. HP: 139/139 MP: 25/25
 27764 | D:14     | Found a gate to the Vaults.
 28080 | D:14     | Your ally Bogbrand died
 28358 | D:14     | Found Ekemin's Weapon Shop.
 28387 | D:14     | Gained Agrik as an ally
 29006 | D:15     | Entered Level 15 of the Dungeon
 29249 | D:15     | Found a staircase to the Depths.
 29434 | D:15     | Found a glowing golden altar of the Shining One.
 30380 | Shoals:1 | Entered Level 1 of the Shoals
 30470 | Shoals:1 | Reached skill level 17 in Shields
 30489 | Shoals:1 | Your ally Agrik died
 30905 | Shoals:1 | Your ally Bladwarg died
 31600 | Shoals:2 | Your ally Gorg died
 31853 | Shoals:2 | Found Pouddelixo's Island Escapes.
 32140 | Shoals:3 | Noticed Ilsuiw
 32190 | Shoals:2 | Killed Ilsuiw
 32809 | Shoals:4 | Entered Level 4 of the Shoals
 32824 | Shoals:3 | Reached XP level 17. HP: 146/146 MP: 27/27
 32869 | Shoals:4 | Noticed Polyphemus
 32897 | Shoals:4 | Killed Polyphemus
 32904 | Shoals:4 | Reached skill level 18 in Shields
 33113 | Shoals:4 | Identified the +3 war axe of the Eternal Warrior {vorpal,
                  | SInv}
 33326 | Shoals:4 | Got a steaming marble ring
 33344 | Shoals:4 | Identified the ring "Xiheam" {rElec Str+2 Dex+7 SInv
                  | Stlth-} (You found it on level 4 of the Shoals)
 33364 | Shoals:4 | Noticed Mara
 33373 | Shoals:4 | Killed Mara
 33959 | Shoals:4 | Reached skill level 1 in Evocations
 33974 | Shoals:4 | Got a barnacled rune of Zot
 34411 | Snake:1  | Entered Level 1 of the Snake Pit
 34615 | Lair:3   | Gained Hilgar as an ally
 34891 | Snake:1  | Noticed Aizul
 34898 | Snake:1  | Killed Aizul
 34926 | Snake:1  | Gained Boldo as an ally
 34928 | Snake:1  | Reached skill level 19 in Shields
 34956 | Snake:1  | Found a runed translucent door.
 35046 | Snake:1  | Noticed Jorgrun
 35054 | Snake:1  | Killed Jorgrun
 35411 | Snake:1  | Reached XP level 18. HP: 147/156 MP: 28/28
 35539 | Snake:1  | Identified the +7 morningstar "Gorghoami" {vorpal, rN+}
                  | (You found it on level 1 of the Snake Pit)
 35972 | Snake:2  | Noticed Vashnia
 35989 | Snake:2  | Killed Vashnia
 35994 | Snake:2  | Found Oclolaugg's Book Emporium.
 36094 | Snake:2  | Found Liuhap's Weapon Emporium.
 36222 | Snake:2  | Noticed Roxanne
 36240 | Snake:2  | Killed Roxanne
 36475 | Snake:2  | Found Umugar's Mass Market.
 36865 | Snake:2  | Found Akoad's Antique Armour Boutique.
 38120 | Snake:3  | Reached skill level 20 in Shields
 38978 | Snake:3  | Found Titoix's Assorted Antiques.
 39000 | Snake:3  | Bought a scroll labelled YJOLIV NIMUBI for 37 gold pieces
 39222 | Snake:4  | Entered Level 4 of the Snake Pit
 39478 | Snake:4  | Reached skill level 15 in Invocations
 39565 | Snake:4  | Reached XP level 19. HP: 125/165 MP: 30/30
 39640 | Snake:4  | Reached skill level 21 in Shields
 39804 | Snake:4  | Noticed Nikola
 39819 | Snake:4  | Killed Nikola
 40276 | Snake:4  | Got a serpentine rune of Zot
 40797 | Vaults:1 | Entered Level 1 of the Vaults
 40971 | Vaults:1 | Gained Bogbarth as an ally
 40976 | Vaults:1 | Gained Gorg as an ally
 41018 | Vaults:1 | Got a pair of spiked boots
 41029 | Vaults:1 | Identified the cursed -1 pair of boots of Salvation {*Slow
                  | rN+ Dex+5 SInv} (You found it on level 1 of the Vaults)
 41344 | Vaults:1 | Found a broken altar of Ashenzari.
 41380 | Vaults:1 | Found Ysomannats's Assorted Antiques.
 42261 | Vaults:1 | Bought a glowing executioner's axe for 338 gold pieces
 42841 | Vaults:2 | Reached XP level 20. HP: 174/174 MP: 31/31
 42842 | Vaults:2 | Gained Borgk as an ally
 42854 | Vaults:2 | Reached skill level 22 in Shields
 43050 | Vaults:2 | Found a magical portal.
 43100 | WizLab   | Entered The Hall of the Hellbinder
 43251 | WizLab   | Gained mutation: You are frail. (-10% HP) [a neqoxec]
 43307 | WizLab   | Gained mutation: You are dopey. (Int -2) [a neqoxec]
 43326 | WizLab   | Killed from afar by a hellion

Illustrated notes

Levels and vault maps discovered:
D:1:      enne_arrival_octagon_isle, layout_rooms, minivault_19,
          minmay_hedge_maze, grunt_decor_clamped, roderic_lattice_a,
          minmay_close_crescents
D:2:      minmay_wonky_spiral, layout_rooms, nicolae_overflow_crystal_walls
D:3:      layout_basic, gup_sewer_entry_pipe
D:4:      old_forge, layout_cave_pods, gammafunk_ghost_gnarly_gnolls
D:5:      layout_loops_ring, hangedman_decor_diamond_cutter,
          uniq_crazy_yiuf_cottage, uniq_sigmund
D:6:      layout_loops_ring, minmay_temple_entry_tees, serial_shops,
          kennysheep_little_box
D:7:      layout_rooms, kennysheep_small_spiral, kennysheep_minor_cross,
          uniq_harold
D:8:      minmay_inner_zag, layout_cave_pools, special_room [special_room_orc],
          kennysheep_another_room, uniq_erica, uniq_joseph
D:9:      kennysheep_blocky_room, layout_irregular_city,
          gammafunk_ghost_berserking_beasts, minivault_12
D:10:     layout_layer_cave, erik_lair_island
D:11:     layout_cross, enter_trove_1, minmay_fountain_box
D:12:     minmay_the_grid_octo_tiled_squarecenter
          [minmay_the_grid_octo_checkerflower,
          minmay_the_grid_octo_vomiting_pacman, minmay_the_grid_octo_concentric,
          minmay_the_grid_octo_teeth,
          minmay_the_grid_square_5x5_megaprize_checkered,
          minmay_the_grid_square_5x5_bite, minmay_the_grid_square_5x5_minibox,
          minmay_the_grid_square_5x5_shrine1,
          minmay_the_grid_square_5x5_inverted_slash], layout_loops_corners,
          orc_0_dummy, ebering_ghost_gozag
D:13:     layout_basic, serial_glass, glass_columns_c, glass_columns_a,
          fedhas_altar_1
D:14:     layout_cave_pools, hangedman_vaults_entry_quadrant_bands,
          serial_shops, nicolae_shop_stone, serial_co_window_serial,
          co_window_paths_a, co_window_paths_a, co_window_paths_a,
          co_window_corner_a, co_window_paths_a, co_window_of_opportunity_c,
          co_window_cross_2, co_window_broadway_a, co_window_cross_3,
          co_window_of_opportunity_c, co_window_cross_3, glass_columns_a,
          glass_columns_a, kennysheep_nondescript, the_bakery
D:15:     grunt_enter_depths_hoard, layout_gridville, tso_metal_star
Lair:1:   layout_cave_pods, lemuel_fruit_tree, infiniplex_staircase_pool_2
Lair:2:   dpeg_oklob_shooting_range, layout_small_grid, grunt_megastairs_2
Lair:3:   layout_regular_city, guppyfry_snake_entry_island,
          portal_ice_cave_rime, gauntlet_entry_generic, beast_lair_carwin_7,
          uniq_sonja, uniq_nergalle
Lair:4:   nzn_winding_woodlands_huge [nzn_winding_woodlands_5x15_pool,
          nzn_winding_woodlands_5x15_parted, nzn_winding_woodlands_5x15_pockets,
          nzn_winding_woodlands_5x15_longhouse, nzn_winding_woodlands_5x15_eye,
          nzn_winding_woodlands_5x15_zeroes, nzn_winding_woodlands_5x15_crooked,
          nzn_winding_woodlands_5x15_sidewinder,
          nzn_winding_woodlands_5x15_split_checker,
          nzn_winding_woodlands_5x15_lazy_stream,
          nzn_winding_woodlands_center_diamonds,
          nzn_winding_woodlands_center_garden,
          nzn_winding_woodlands_15x15_five_gardens], layout_misc_corridors,
          shoals_dummy_entry, serial_bayou_crossing
Lair:5:   layout_cave_pods, slime_altar_1, grunt_megastairs_4
Lair:6:   due_jungle_book, layout_regular_city, ebering_ghost_disaster_area,
          nzn_masters_of_martial_movement, infiniplex_staircase_pool,
          uniq_josephine, uniq_rupert, uniq_urug
Shoals:1: layout_shoals, st_shoals_ruin
Shoals:2: layout_shoals, nicolae_island_escapes
Shoals:3: layout_shoals, uniq_ilsuiw
Shoals:4: shoals_end_grunt_ice, layout_shoals, uniq_polyphemus, uniq_mara
Snake:1:  cheibrodos_toxic_ritual, layout_gridlike, evilmike_ambush
          [evilmike_ambush_outer_basic, evilmike_ambush_inner_basic],
          uniq_aizul, uniq_jorgrun
Snake:2:  layout_honeycomb, serial_shops, nicolae_shop_stone, minmay_shop_mass,
          minmay_shop_star, uniq_vashnia, uniq_roxanne
Snake:3:  nicolae_cobra_stairs, layout_chambers, serial_shops, shop,
          evilmike_ambush [evilmike_ambush_outer_pillars,
          evilmike_ambush_inner_pond]
Snake:4:  grunt_snake_rune_serpentine_throne, layout_cave_town, uniq_nikola
Orc:1:    layout_diamond_mine
Orc:2:    st_orc_mages, layout_caves, serial_shops, shop_fountains,
          okawaru_metal_pillars_1_2, uniq_azrael
Vaults:1: v_misc_33, v_misc_5, ontoclasm_vaults_loading_screen,
          nicolae_vaults_asterisk, vaults_room_corners, v_rooms_5,
          hangedman_vaults_cutoff, v_misc_10, nicolae_vaults_asterisk,
          vaults_dpeg_ring, layout_vaults_omnicross, serial_shops,
          nicolae_shop_overgrown_old_shop, basic_altar
Vaults:2: gammafunk_vaults_ghost_fury_of_okawaru, grunt_vaults_twisty,
          v_pattern_4, v_misc_16, grunt_vaults_trifunnel,
          nicolae_vaults_little_squares_4, vaults_dpeg_encased_lava,
          grunt_vaults_funnel, vaults_mumra_minichess_inversion, v_misc_19,
          vaults_room_door_hall, ontoclasm_vaults_pinch, ontoclasm_vaults_tryst,
          layout_vaults_maze_snakey, lightli_enter_wizlab_magi_temple,
          uniq_saint_roka, uniq_asterion
WizLab:   wizlab_demon

Skill      XL: |  1  2  3  4  5  6  7  8  9 10 11 12 13 14 15 16 17 18 19 20 |
---------------+-------------------------------------------------------------+-----
Fighting       | 4 5 6 7 8 9 10 11 12 13 14 | 14.6
Armour         | 1 2 3 4 5 6 9 10 12 13 14 15 16 17 18 | 18.3
Axes           | 5 6 7 9 10 11 12 13 14 16 17 18 19 20 | 20.7
Shields        | 5 8 10 12 13 15 16 17 19 20 21 22 | 22.3
Maces & Flails | 1 |  1.9
Invocations    | 2 4 6 8 10 11 12 13 14 15 16 | 16.2
Evocations     | 1 |  1.1
Dodging        | |  2.4
Stealth        | |  1.5

Action                   |  1- 3 |  4- 6 |  7- 9 | 10-12 | 13-15 | 16-18 | 19-21 || total
-------------------------+-------+-------+-------+-------+-------+-------+-------++-------
Melee: Hand axe          |   101 |   346 |   526 |    11 |       |       |       ||   984
       Whip              |       |       |    30 |       |       |       |       ||    30
       Spear             |       |       |    27 |    53 |       |       |       ||    80
       War axe           |       |       |       |   388 |       |       |       ||   388
       Broad axe         |       |       |       |    87 |   833 |   759 |   450 ||  2129
       Scimitar          |       |       |       |       |     2 |       |       ||     2
Invok: Convert to Beogh  |       |       |     1 |       |       |       |       ||     1
       Recall Orcish Fol |       |       |       |     2 |    26 |    32 |     9 ||    69
       Give Item to Name |       |       |       |     1 |     9 |     6 |     3 ||    19
       Smiting           |       |       |       |       |     3 |       |       ||     3
       Stop Recall       |       |       |       |       |     7 |     6 |     3 ||    16
       Resurrection      |       |       |       |       |       |     1 |       ||     1
Evoke: Wand              |       |       |       |       |    12 |     3 |       ||    15
  Use: Potion            |       |     6 |     1 |     1 |     1 |     1 |     3 ||    13
       Scroll            |       |     7 |     3 |     4 |    19 |     6 |     4 ||    43
 Stab: Sleeping          |     3 |     3 |       |       |       |       |       ||     6
       Held in net/web   |       |       |     1 |       |       |       |       ||     1
       Distracted        |       |       |       |     2 |    17 |    21 |    12 ||    52
       Confused          |       |       |       |       |     1 |       |       ||     1
       Paralysed         |       |       |       |       |       |     3 |     1 ||     4
Armor: Leather armour    |    33 |   127 |    44 |       |       |       |       ||   204
       Chain mail        |       |       |   267 |   176 |   114 |       |       ||   557
       Plate armour      |       |       |       |       |   301 |   315 |   153 ||   769
Dodge: Dodged            |    55 |   238 |   202 |    70 |   123 |   117 |    58 ||   863
Block: Tower shield      |       |       |   162 |   559 |  1013 |  1179 |   612 ||  3525
       Reflection        |       |       |       |    37 |    34 |   231 |    92 ||   394
